 Dungeon Crawl Stone Soup version 0.18-a0-1203-gbde16db (webtiles) character file.

5657 Ghalim the Basher (level 10, 0/70 HPs)
             Began as a Gargoyle Fighter on Feb 2, 2016.
             Was a Believer of Okawaru.
             Slain by Maud
             ... wielding a +1 demon trident of draining
              (18 damage)
             ... on level 10 of the Dungeon.
             The game lasted 00:24:51 (10457 turns).

Ghalim the Basher (Gargoyle Fighter)               Turns: 10457, Time: 00:24:52

Health: 0/70       AC: 25    Str: 23    XL:     10   Next: 74%
Magic:  8/10       EV: 10    Int:  9    God:    Okawaru [**....]
Gold:   661        SH: 11    Dex:  9    Spells: 0 memorised, 9 levels left

rFire  . . .     SeeInvis .     g - +0 flail (protect)
rCold  . . .     Gourm    .     b - +0 scale mail
rNeg   + . .     Faith    .     c - +0 shield
rPois  ∞         Spirit   .     (no helmet)
rElec  +         Dismiss  .     j - +1 cloak
rCorr  .         Reflect  .     m - +0 pair of gloves
SustAt .         Harm     .     s - +0 pair of boots
MR     .....                    (no amulet)
Stlth  +.........               (no ring)
                                (no ring)

@: heroism, not resistant to hostile enchantments, very unstealthy
A: negative energy resistance 1, electricity resistance, unbreathing,
petrification resistance, rot immunity, AC +7
a: Heroism, Renounce Religion


You were on level 10 of the Dungeon.
You worshipped Okawaru.
Okawaru was pleased with you.
You were not hungry.

You visited 2 branches of the dungeon, and saw 11 of its levels.

You collected 661 gold pieces.

Inventory:

Hand Weapons
 g - a +0 flail of protection (weapon)
 K - a +2 whip of freezing
Armour
 b - a +0 scale mail (worn)
 c - a +0 shield (worn)
 j - a +1 cloak (worn)
 m - a +0 pair of gloves (worn)
 p - a +0 plate armour
 s - a +0 pair of boots (worn)
 x - a +1 plate armour of poison resistance
 z - a +1 plate armour of fire resistance
 E - a +2 pair of boots of stealth
 I - the cursed +1 robe of the Game of Kings {+Inv MR++ MP-9 Str+3, unknown}
   (You found it on level 8 of the Dungeon)

   It affects your strength (+3).
   It affects your resistance to hostile enchantments.
   It affects your magic capacity (-9).
   It lets you turn invisible.
   It has a curse placed upon it.
Jewellery
 a - a +4 ring of evasion {unknown}
 w - an uncursed ring of protection from fire {unknown}
Wands
 y - a wand of digging (12/24)
 D - a wand of draining (10/15)
 J - a wand of lightning (8/15)
Scrolls
 h - 2 scrolls of blinking
 i - 2 scrolls of enchant armour
 k - a scroll of enchant weapon
 o - a scroll of immolation
 r - 2 scrolls of identify
 u - a scroll of amnesia
 A - 3 scrolls of teleportation
Potions
 d - 3 potions of curing
 e - 4 potions of flight
 n - 3 potions of magic
 t - a potion of brilliance
 B - 2 potions of haste
 F - a potion of lignification {unknown}
 G - a potion of mutation {unknown}
Books
 H - a book of Party Tricks

   Spells                             Type                      Level
   a - Summon Butterflies             Summoning                    1
   b - Apportation                    Translocation                1
   c - Tukima's Dance                 Hexes                        3
   d - Alistair's Intoxication        Transmutation/Poison         5
   e - Invisibility                   Hexes                        6
Comestibles
 f - 10 bread rations
 q - 12 fruits
 C - 5 meat rations


   Skills:
 + Level 11.5(16.5) Fighting
 + Level 11.9(16.9) Maces & Flails
 - Level 3.2(8.2) Armour
 - Level 3.2(8.2) Shields


You had 9 spell levels left.
You didn't know any spells.

Dungeon Overview and Level Annotations

Branches:
Dungeon (10/15)            Temple (1/1) D:6
   Lair: D:8-11         Orc: D:9-12

Altars:
Ashenzari
Cheibriados
Dithmenos
Elyvilon
Fedhas
Gozag
Kikubaaqudgha
Makhleb
Nemelex Xobeh
Okawaru
Pakellas
Qazlal
Ru
Sif Muna
Trog
Vehumet
Xom
Yredelemnul
Zin
The Shining One

Shops:
D:7 *[

Annotations:
D:6 Prince Ribbit
D:9 Erica, Erolcha
D:10 Maud


Innate Abilities, Weirdness & Mutations

You are resistant to torment.
Your stone body is resilient (AC +7).
You are immune to poison.
You resist negative energy.
You are resistant to electric shocks.
You can survive without breathing.
You are immune to petrification.
You are immune to rotting.


Message History

Maud hits you with a demon trident of draining.
* * * LOW HITPOINT WARNING * * *
Drink which item? (? for menu, Esc to quit)
You feel better. You block Maud's attack.
Your shield and scale mail prevent you from hitting Maud.
Maud is lightly wounded.
You block Maud's attack.
You thump Maud!
Maud is moderately wounded.
You sock Maud!
Maud is moderately wounded.
Maud barely misses you.
You closely miss Maud.
Maud is moderately wounded.
Maud hits you with a demon trident of draining!
* * * LOW HITPOINT WARNING * * *
Drink which item? (? for menu, Esc to quit)
You feel better.
Maud hits you with a demon trident of draining!!
You die...

.......@)#
#........#
.......###
#........#
.......#
####K#####
###.####
#..## #..
##..# #+
##.# #K#
######@##
#..<.@..#
+.......#
#.......+
#.......#
#.......#
#.......#
#.......#
####+####


You could see Maud and a kobold.

Vanquished Creatures
  Pikel (D:9)
  Joseph (D:9)
  A merfolk (D:9)
  Grinder (D:4)
  The ghost of coatel the Skirmisher, an amateur DsWn (D:4)
  A hungry ghost (D:8)
  A hippogriff (D:9)
  Edmund (D:6)
  2 orc warriors
  A sky beast (D:5)
  2 ice beasts
  A black bear (D:9)
  2 phantoms
  6 necrophages
  4 ogres
  A centaur (D:8)
  A big kobold (D:10)
  5 giant frogs
  A wyvern zombie (D:6)
  A scorpion (D:8)
  3 wights
  3 crimson imps
  4 hounds
  3 orc priests
  9 orc wizards
  A gnoll shaman (D:7)
  2 jellies
  2 giant frog skeletons (D:7)
  4 iguanas
  7 worker ants
  2 hound zombies (D:7)
  2 mummies (D:7)
  A hound skeleton (D:5)
  16 gnolls
  12 adders
  2 shadow imps
  An ooze (D:6)
  An adder skeleton (D:7)
  3 worms (D:3)
  3 giant geckos
  17 orcs
  2 ball pythons (D:3)
  8 giant cockroaches
  8 goblins
  6 hobgoblins
  12 jackals
  3 quokkas
  7 bats
  3 giant newts
  A jackal skeleton (D:6)
  8 kobolds
  A quokka skeleton (D:4)
  A quokka zombie (D:7)
  5 rats
198 creatures vanquished.

Vanquished Creatures (others)
  Maurice (D:9)
  3 slaves (D:9)
  An adder (D:9)
5 creatures vanquished.

Grand Total: 203 creatures vanquished

Notes
Turn   | Place    | Note
--------------------------------------------------------------
     0 | D:1      | Ghalim the Gargoyle Fighter began the quest for the Orb.
     0 | D:1      | Reached XP level 1. HP: 14/14 MP: 1/1
   183 | D:1      | Reached XP level 2. HP: 16/19 MP: 2/2
   704 | D:2      | Reached XP level 3. HP: 23/23 MP: 3/3
   894 | D:2      | Reached XP level 4. HP: 15/29 MP: 4/4
   905 | D:2      | Reached skill level 4 in Fighting
  1588 | D:3      | Reached XP level 5. HP: 21/34 MP: 5/5
  1865 | D:3      | Found a burning altar of Makhleb.
  2022 | D:3      | Reached skill level 5 in Maces & Flails
  2153 | D:3      | Reached XP level 6. HP: 14/39 MP: 6/6
  2461 | D:3      | Found a sacrificial altar of Ru.
  3258 | D:4      | Noticed coatel's ghost (amateur DsWn)
  3450 | D:4      | Noticed Grinder
  3718 | D:3      | Reached skill level 5 in Fighting
  3945 | D:4      | Paralysed by Grinder for 4 turns
  3966 | D:4      | Killed Grinder
  3966 | D:4      | Reached skill level 6 in Maces & Flails
  3966 | D:4      | Reached XP level 7. HP: 16/44 MP: 7/7
  4553 | D:4      | Killed coatel's ghost
  4553 | D:4      | Reached skill level 7 in Maces & Flails
  4780 | D:4      | Reached XP level 8. HP: 33/51 MP: 8/8
  4894 | D:5      | Entered Level 5 of the Dungeon
  5115 | D:5      | Reached skill level 8 in Maces & Flails
  5778 | D:6      | Noticed Edmund
  5809 | D:6      | Killed Edmund
  5846 | D:6      | Found a staircase to the Ecumenical Temple.
  5875 | Temple   | Entered the Ecumenical Temple
  5995 | D:6      | Reached skill level 9 in Maces & Flails
  6103 | D:6      | Reached XP level 9. HP: 54/59 MP: 9/9
  6357 | D:6      | Noticed Prince Ribbit
  6568 | D:7      | Found Igitose's Antique Armour Shop.
  7007 | D:7      | Found Conale Aroo's General Store.
  7093 | D:7      | Reached skill level 10 in Maces & Flails
  7889 | D:8      | Found an iron altar of Okawaru.
  7892 | D:8      | Found a basalt altar of Yredelemnul.
  7906 | D:8      | Became a worshipper of Warmaster Okawaru
  7909 | D:8      | Found a deep blue altar of Sif Muna.
  7910 | D:8      | Found an ancient bone altar of Kikubaaqudgha.
  7961 | D:8      | Got a heavily jewelled robe
  8035 | D:8      | Reached skill level 10 in Fighting
  8084 | D:8      | Reached XP level 10. HP: 68/68 MP: 10/10
  8165 | D:8      | Found a glowing golden altar of the Shining One.
  8435 | D:8      | Identified a scroll of acquirement
  8439 | D:9      | Noticed Joseph
  8666 | D:9      | Noticed Erolcha
  8861 | D:9      | Noticed Erica
  8878 | D:8      | Reached skill level 11 in Maces & Flails
  9018 | D:9      | Noticed Maurice
  9221 | D:6      | Found a radiant altar of Vehumet.
  9367 | D:9      | Killed Joseph
  9367 | D:9      | Reached * piety under Okawaru
  9726 | D:9      | Found a shadowy altar of Dithmenos.
 10029 | D:9      | Noticed Pikel
 10055 | D:9      | Killed Pikel
 10055 | D:9      | Reached ** piety under Okawaru
 10297 | D:9      | Killed Maurice
 10350 | D:10     | Entered Level 10 of the Dungeon
 10418 | D:10     | Noticed Maud
 10457 | D:10     | Slain by Maud

Vault maps used:
D:1:      evilmike_arrival_crescent, kennysheep_flooded_box
D:3:      forest_paths, makhleb_blood_cavern_becter,
          nicolae_ru_sacrificial_ziggurat
D:4:      first_bread, serial_forest, infiniplex_forest_fountain,
          infiniplex_forest_zigzag_1, infiniplex_forest_straight_5,
          infiniplex_forest_clump_tiny, infiniplex_forest_straight_4,
          uniq_grinder
D:6:      lemuel_crystal_altar, minmay_temple_entry_mist, uniq_edmund,
          uniq_prince_ribbit1
D:7:      serial_undead, serial_undead_b, serial_undead_b, serial_undead_f,
          serial_undead_d, serial_shops, nicolae_shop_waterfront, shop_fountains
D:8:      minitemple, nicolae_tso_swordbearing_angel
D:9:      nicolae_dithmenos_shadow_blocks, hangedman_fish_farm, uniq_pikel,
          uniq_maurice, uniq_joseph, uniq_erica, uniq_erolcha
D:10:     uniq_snorg, uniq_maud
Temple:   circular_temple_12

Action                   |  1- 3 |  4- 6 |  7- 9 | 10-12 || total
-------------------------+-------+-------+-------+-------++-------
Melee: Flail             |   168 |   254 |   541 |   249 ||  1212
Invok: Heroism           |       |       |       |     1 ||     1
  Use: Potion            |       |     2 |       |     3 ||     5
       Scroll            |       |     7 |     6 |     5 ||    18
  Eat: Chunk             |       |    10 |    14 |     5 ||    29
       Beef jerky        |       |       |     1 |       ||     1
       Royal jelly       |       |       |     3 |       ||     3
       Pizza             |       |       |     1 |       ||     1
       Meat ration       |       |       |       |     1 ||     1
